 Dungeon Crawl Stone Soup version 0.29.0-5-ge4962eb29e (webtiles) character file.

Game seed: 18393700251534621883

183 Sobieck the Trooper (level 5, -8/62 HPs)
             Began as an Ogre Brigand on Aug 28, 2022.
             Was an Initiate of the Shining One.
             Killed from afar by Pikel (11 damage)
             ... with a puff of flame
             ... on level 4 of the Dungeon.
             The game lasted 00:07:41 (3997 turns).

Sobieck the Trooper (Ogre Brigand)                  Turns: 3997, Time: 00:07:42

Health: -8/62      AC:  5    Str: 17    XL:     5   Next: 62%
Magic:  5/5        EV:  9    Int: 12    God:    the Shining One [......]
Gold:   299        SH:  0    Dex: 10    Spells: 4/4 levels left

rFire   . . .      SeeInvis .   b - +0 sling (venom)
rCold   . . .      Faith    .   (no shield)
rNeg    . . .      Spirit   .   m - +0 robe
rPois   .          Reflect  .   (helmet restricted)
rElec   .          Harm     .   c - +1 cloak
rCorr   .          Rampage  .   (gloves unavailable)
Will    .....                   (boots unavailable)
Stlth   +.........              (no amulet)
HPRegen 0.20/turn               (no ring)
MPRegen 0.09/turn               (no ring)

@: glowing
A: large, unfitting armour, tough skin 1
a: Renounce Religion


You were on level 4 of the Dungeon.
You worshipped the Shining One.
The Shining One was noncommittal.
You visited 1 branch of the dungeon, and saw 5 of its levels.

You collected 299 gold pieces.


Innate Abilities, Weirdness & Mutations

You are too large for most types of armour.
You have tough skin. (AC +1)


   Skills:
 + Level 7.5 Fighting
 - Level 1.7 Short Blades
 - Level 2.0 Throwing
 - Level 0.8 Dodging
 - Level 2.9 Stealth


You had 4 spell levels left.
You didn't know any spells.
Your spell library contained the following spells:

 Spells                   Type           Power      Damage    Failure   Level
 Passage of Golubria      Tloc           0%         N/A       97%         4
 Silence                  Hex/Air        0%         N/A       100%        5
 Lehudib's Crystal Spear  Conj/Erth      0%         10d2      100%        8

Inventory:

Hand Weapons
 a - a +2 dagger {short}
 b - a +0 sling of venom (weapon)
   (You found it on level 1 of the Dungeon)
Missiles
 d - 9 poisoned darts {throwing}
 e - 3 curare-tipped darts {=fthrowing}
 j - 39 stones {throwing}
Armour
 c - a +1 cloak (worn)
 m - a +0 robe (worn)
Magical Staves
 s - a staff of fire {!astaff}
   (You found it on level 2 of the Dungeon)
Scrolls
 f - a scroll of blinking {unknown}
 i - 2 scrolls of butterflies
 n - 3 scrolls of teleportation {@r4}
 q - 2 scrolls of vulnerability {!r!r}
Potions
 g - a potion of invisibility {unknown}
 k - 6 potions of flight
 o - a potion of mutation {!q}
 p - a potion of curing {@q1}

Dungeon Overview and Level Annotations

Branches:
Dungeon (5/15) Zot: 25976
 Temple: D:4-7

Altars:
Ashenzari
The Shining One

Shops:
D:4 *

Annotations:
D:4 exclusion: phantom, Pikel
D:5 Menkaure

.....####.##.###.# #.###.#
.#..###...##.###.# #.##..#
.##......##......###.#..##
.####..#.##!###......#>##
.##...#.<...# #.###..#.##
.##.###.#..####.........#
....##..#.....#.........#
...##..#...........K....#
...##.#.........@)..[...#
......#........[).).....#
...#................<...#
........................#
........................#
........................#
.......#................#
.......##.....#.....#####
)......##############


You could see Pikel (very poisoned).


Message History

No target in view!
No target in view!
A quokka comes into view.
Danger!
You shoot a sling bullet. The sling bullet hits the quokka!
You kill the quokka!
No target in view!
No target in view!
Unknown command.
Pikel, Merchant of Souls comes into view.
He is wielding a +1 whip of freezing and carrying a wand of flame (13).
Danger!
You hear the slow rusting of a very distant drain.
Pikel zaps a wand.
The puff of flame hits you.
You shoot a sling bullet. The sling bullet closely misses Pikel.
You shoot a sling bullet. The sling bullet misses Pikel.
You shoot a sling bullet. The sling bullet barely misses Pikel.
Pikel zaps a wand.
The puff of flame hits you.
There is a stone staircase leading up here.
You shoot a sling bullet. The sling bullet closely misses Pikel.
Pikel misses you.
You climb upwards.
Level annotation: exclusion: phantom
There is a stone staircase leading down here.
Unknown command.
Unknown command.
Fire: b) +0 sling (venom)
Press: ? - help, Q - select action, (/) - cycle Shift-Dir - straight line, f - Pikel
Aim: Pikel, wielding a +1 whip of freezing, wearing a +0 robe and carrying a wand of flame (11) (47% to hit)
You shoot a sling bullet. The sling bullet barely misses Pikel.
Pikel closely misses you.
Fire: b) +0 sling (venom)
Press: ? - help, Q - select action, (/) - cycle Shift-Dir - straight line, f/p - Pikel
Aim: Pikel, wielding a +1 whip of freezing, wearing a +0 robe and carrying a wand of flame (11) (47% to hit)
You shoot a sling bullet.
The sling bullet hits Pikel but does no damage.
Pikel is poisoned.
Pikel zaps a wand.
The puff of flame hits you.
Pikel hits you with a +1 whip of freezing.
Pikel freezes you.
Fire: b) +0 sling (venom)
Press: ? - help, Q - select action, (/) - cycle Shift-Dir - straight line, f/p - Pikel
Aim: Pikel, wielding a +1 whip of freezing, wearing a +0 robe and carrying a wand of flame (10) (lightly wounded, very poisoned, 47% to hit)
You shoot a sling bullet.
The sling bullet hits Pikel but does no damage.
Pikel hits you with a +1 whip of freezing.
Pikel freezes you.
Fire: b) +0 sling (venom)
Press: ? - help, Q - select action, (/) - cycle Shift-Dir - straight line, f/p - Pikel
Aim: Pikel, wielding a +1 whip of freezing, wearing a +0 robe and carrying a wand of flame (10) (lightly wounded, very poisoned, 47% to hit)
You shoot a sling bullet. The sling bullet closely misses Pikel.
Pikel hits you with a +1 whip of freezing.
Pikel freezes you.
Fire: b) +0 sling (venom)
Press: ? - help, Q - select action, (/) - cycle Shift-Dir - straight line, f/p - Pikel
Aim: Pikel, wielding a +1 whip of freezing, wearing a +0 robe and carrying a wand of flame (10) (lightly wounded, very poisoned, 47% to hit)
You shoot a sling bullet. The sling bullet closely misses Pikel.
Pikel hits you with a +1 whip of freezing.
* * * LOW HITPOINT WARNING * * *
Pikel freezes you.
* * * LOW HITPOINT WARNING * * *
Pikel hits you with a +1 whip of freezing.
* * * LOW HITPOINT WARNING * * *
Pikel freezes you.
* * * LOW HITPOINT WARNING * * *
Fire: b) +0 sling (venom)
Press: ? - help, Q - select action, (/) - cycle Shift-Dir - straight line, f/p - Pikel
Aim: Pikel, wielding a +1 whip of freezing, wearing a +0 robe and carrying a wand of flame (10) (lightly wounded, very poisoned, 47% to hit)
Okay, then.
Unknown command.
You feel better. Pikel barely misses you.
Fire: b) +0 sling (venom)
Press: ? - help, Q - select action, (/) - cycle Shift-Dir - straight line, f/p - Pikel
Aim: Pikel, wielding a +1 whip of freezing, wearing a +0 robe and carrying a wand of flame (10) (moderately wounded, poisoned, 47% to hit)
You shoot a sling bullet.
The sling bullet hits Pikel but does no damage.
Pikel looks even sicker.
Pikel says, "I knew I should've brought a map."
Pikel zaps a wand.
The puff of flame hits you!
* * * LOW HITPOINT WARNING * * *
Unknown command.
Fire: b) +0 sling (venom)
Press: ? - help, Q - select action, (/) - cycle Shift-Dir - straight line, f/p - Pikel
Aim: Pikel, wielding a +1 whip of freezing, wearing a +0 robe and carrying a wand of flame (9) (moderately wounded, very poisoned, 47% to hit)
You shoot a sling bullet. The sling bullet hits Pikel.
Pikel looks as sick as possible!
Pikel barely misses you.
Pikel zaps a wand.
The puff of flame hits you!
* * * LOW HITPOINT WARNING * * *
Pikel attacks as you move away! Pikel barely misses you.
Pikel zaps a wand.
The puff of flame hits you!
* * * LOW HITPOINT WARNING * * *
Pikel zaps a wand.
The puff of flame hits you!
You die...

Skill      XL: |  1  2  3  4  5 |
---------------+----------------+-----
Fighting       | 3 4 5 6 7 |  7.5
Short Blades   | |  1.7
Throwing       | |  2.0
Dodging        | |  0.8
Stealth        | |  2.9

Action                   |  1- 3 |  4- 6 || total
-------------------------+-------+-------++-------
Melee: Dagger            |    15 |     8 ||    23
       Short sword       |    86 |    36 ||   122
       Punch             |       |     1 ||     1
 Fire: Sling             |    58 |    53 ||   111
Throw: Stone             |     1 |       ||     1
  Use: Scroll            |       |    12 ||    12
       Potion            |       |     1 ||     1
 Stab: Sleeping          |     3 |       ||     3
Armor: Robe              |    36 |    21 ||    57
Dodge: Dodged            |    36 |    29 ||    65

Levels and vault maps discovered:
D:1:      spicycebolla_green_bress_n_ham, layout_basic,
          shapermc_ecumenical_altar_ellora
D:2:      layout_basic, basic_altar
D:3:      layout_loops_ring, nicolae_overflow_ecumenical_swirl,
          dreamdust_princess_bridge, st_stairs_1
D:4:      layout_rooms, serial_shops, shop
D:5:      layout_rooms, minmay_temple_entry_sparse_star, gup_sewer_entry_pipe,
          minmay_mini_ossuary, uniq_prince_ribbit1, uniq_menkaure, uniq_pikel,
          uniq_blork_the_orc

Notes
Turn   | Place    | Note
-------+----------+-------------------------------------------
     0 | D:1      | Sobieck the Ogre Brigand began the quest for the Orb.
     0 | D:1      | Reached XP level 1. HP: 22/22 MP: 1/1
    40 | D:1      | Reached skill level 3 in Fighting
   333 | D:1      | Reached XP level 2. HP: 31/31 MP: 2/2
   489 | D:1      | Reached skill level 4 in Fighting
   750 | D:1      | You pick up a book of the Moon and begin reading...
   750 | D:1      | You add the spells Passage of Golubria, Silence and
                  | Lehudib's Crystal Spear to your library.
  1088 | D:1      | Found a faded altar of an unknown god.
  1221 | D:2      | Found a broken altar of Ashenzari.
  1249 | D:2      | Reached XP level 3. HP: 40/40 MP: 3/3
  1780 | D:2      | Reached skill level 5 in Fighting
  2177 | D:3      | Found a faded altar of an unknown god.
  2397 | D:3      | Reached XP level 4. HP: 50/50 MP: 4/4
  2711 | D:3      | Found a glowing golden altar of the Shining One.
  2841 | D:4      | Reached skill level 6 in Fighting
  2960 | D:4      | Noticed a phantom
  3142 | D:4      | Reached XP level 5. HP: 43/61 MP: 5/5
  3236 | D:4      | Found Anauh's Assorted Antiques.
  3264 | D:4      | Reached skill level 7 in Fighting
  3331 | D:3      | Became a worshipper of the Shining One
  3917 | D:5      | Entered Level 5 of the Dungeon
  3926 | D:5      | Noticed Menkaure
  3965 | D:5      | Noticed Pikel
  3992 | D:4      | HP: 13/62 [Pikel/puff of flame (10)]
  3995 | D:4      | HP: 2/62 [Pikel/puff of flame (11)]
  3997 | D:4      | Killed from afar by Pikel

Vanquished Creatures
  2 hounds (D:4)
  2 adders
  An ufetubus (D:5)
  3 worms (D:2)
  5 orcs (D:4)
  7 ball pythons
  2 bats
  5 endoplasms
  A giant cockroach (D:1)
  A hobgoblin (D:2)
  10 kobolds
  4 quokkas
  4 frilled lizards
  10 goblins
  4 rats
61 creatures vanquished.

Vanquished Creatures (collateral kills)
  An iguana (D:4)
1 creature vanquished.

Grand Total: 62 creatures vanquished

Table legend:
 A = Non-vault XP
 B = Vault XP
 C = Vault XP percentage of total XP
 D = Non-vault monster count
 E = Vault monster count
 F = Vault count percentage of total count
                 A         B        C        D         E       F
            +---------+---------+-------+---------+---------+-------
      Total |     256 |       6 |   2.3 |      59 |       3 |   4.8
            +---------+---------+-------+---------+---------+-------
        D:1 |      28 |       0 |   0.0 |      19 |       0 |   0.0
        D:2 |      24 |       0 |   0.0 |       9 |       0 |   0.0
        D:3 |      34 |       6 |  15.0 |      14 |       3 |  17.6
        D:4 |     160 |       0 |   0.0 |      15 |       0 |   0.0
        D:5 |      10 |       0 |   0.0 |       2 |       0 |   0.0
            +---------+---------+-------+---------+---------+-------

Illustrated notes

Table legend:
 A = Kills in this place as a percentage of kills in entire the game.
 B = Kills by you in this place as a percentage of kills by you in the entire game.
 C = Kills by friends in this place as a percentage of kills by friends in the entire game.
 D = Other kills in this place as a percentage of other kills in the entire game.
 E = Experience gained in this place as a percentage of experience gained in the entire game.
 F = Experience gained in this place divided by the number of levels of this place that you have seen.
                   A       B       C       D       E      F
               +-------+-------+-------+-------+-------+----------------------
         Total | 100.0 | 100.0 | 100.0 |   N/A | 100.0 |  52.4
       Dungeon | 100.0 | 100.0 | 100.0 |   N/A | 100.0 |  52.4
               +-------+-------+-------+-------+-------+----------------------

Table legend: (Time is in decaauts)
 A = Elapsed time spent in this place.
 B = Non-inter-level travel time spent in this place.
 C = Inter-level travel time spent in this place.
 D = Time resting spent in this place.
 E = Time spent auto-exploring this place.
 F = Levels seen in this place.
 G = Mean time per level.
                   A        B        C        D        E       F      G
               +--------+--------+--------+--------+--------+-----+--------+
         Total |   4022 |   3797 |    225 |    294 |   2804 |   5 |  804.4 |
       Dungeon |   4022 |   3797 |    225 |    294 |   2804 |   5 |  804.4 |
               +--------+--------+--------+--------+--------+-----+--------+

Top non-repeatable levels by time:
     D:1: 1214 daAuts
     D:4: 1142 daAuts
     D:2: 836 daAuts
     D:3: 781 daAuts
     D:5: 46 daAuts
